Map: Orbital Shipyard

Players

FLORENCIO - Winner!

  • Race: Protoss Protoss
  • League: Diamond

JakeTheDog

  • Race: Zerg Zerg
  • League: Diamond

VOD

Have the link to the VOD?

Description

Oracles Voids Carriers

Time

  • Played on: March 20, 2016, 10:23 p.m.
  • Length: 19:26
Show
View Real Time Build Order
Export as new Build Order

FLORENCIO Protoss - Winner!

Build Orders: 1 Gate Expand 

Get SALT Encoding   

  12  0:01  Probe (Chrono Boost)  
  13  0:12  Probe (Chrono Boost)  
  14  0:22  Pylon, Probe (Chrono Boost)  
  15  0:40  Probe (Chrono Boost)  
  15  0:42  Gateway  
  16  0:51  Probe (Chrono Boost)  
  16  0:52  Assimilator  
  17  0:58  Assimilator  
  17  1:01  Probe (Chrono Boost)  
  18  1:12  Probe (Chrono Boost)  
  19  1:22  Probe (Chrono Boost)  
  20  1:33  Nexus  
  20  1:37  Probe (Chrono Boost)  
  21  1:52  Cybernetics Core  
  21  1:54  Probe (Chrono Boost)  
  22  2:04  Pylon  
  22  2:06  Probe (Chrono Boost)  
  23  2:22  Probe (Chrono Boost)  
  24  2:29  Assimilator  
  24  2:32  Stalker  
  24  2:33  Mothership Core (Chrono Boost)  
  28  2:37  Pylon  
  28  2:44  Pylon  
  28  2:51  Probe x2 (Chrono Boost)  
  30  3:13  Probe x2 (Chrono Boost)  
  32  3:20  Assimilator  
  32  3:22  Stargate  
  32  3:24  Probe x2 (Chrono Boost)  
  34  3:29  Stargate  
  34  3:36  Stargate  
  34  3:40  Probe (Chrono Boost)  
  35  3:45  Probe (Chrono Boost)  
  36  3:50  Probe (Chrono Boost)  
  36  3:55  Forge  
  37  4:01  Probe (Chrono Boost)  
  39  4:08  Oracle (Chrono Boost)  
  44  4:18  Oracle (Chrono Boost)  
  44  4:22  Oracle (Chrono Boost)  
  47  4:28  Probe, Pylon  
  48  4:32  Probe  
  49  4:39  Probe  
  53  4:48  Oracle (Chrono Boost)  
  53  4:49  Pylon  
  53  4:56  Oracle (Chrono Boost)  
  56  5:01  Probe  
  56  5:05  Probe, Oracle (Chrono Boost)  
  61  5:12  Probe  
  62  5:18  Probe  
  62  5:21  Photon Cannon  
  63  5:24  Photon Cannon  
  63  5:33  Pylon  
  63  5:38  Pylon  
  63  5:44  Photon Cannon  
  67  5:54  Void Ray (Chrono Boost)  
  67  6:33  Void Ray (Chrono Boost)  
  67  6:35  Void Ray (Chrono Boost)  
  67  6:39  Void Ray (Chrono Boost)  
  79  6:49  Nexus  
  79  6:55  Probe  
  79  6:56  Probe  
  81  7:03  Pylon  
  81  7:07  Probe  
  81  7:08  Probe  
  83  7:13  Void Ray (Chrono Boost)  
  87  7:22  Void Ray x2 (Chrono Boost)  
  95  7:24  Pylon  
  95  7:41  Photon Cannon  
  95  7:42  Photon Cannon  
  95  7:50  Void Ray (Chrono Boost)  
  99  8:05  Void Ray (Chrono Boost)  
  103  8:08  Photon Cannon x2  
  103  8:11  Assimilator  
  103  8:17  Assimilator  
  103  8:23  Probe x2  
  105  8:35  Probe x2  
  107  8:47  Probe x2  
  100  8:59  Probe  
  101  9:15  Nexus  
  101  9:16  Pylon  
  101  9:24  Pylon  
  101  9:27  Assimilator  
  101  9:30  Fleet Beacon  
  101  9:51  Stargate  
  101  9:53  Stargate  
  101  9:54  Probe, Pylon  
  94  10:05  Probe  
  89  10:15  Probe  
  90  10:26  Probe  
  91  10:36  Probe  
  91  10:38  Carrier (Chrono Boost)  
  91  10:39  Probe, Carrier (Chrono Boost)  
  123  10:47  Probe  
  123  10:49  Probe, Mothership Core  
  126  10:50  Carrier x3 (Chrono Boost)  
  127  10:57  Probe  
  127  11:00  Probe  
  129  11:10  Probe  
  122  11:21  Probe  
  122  11:25  Pylon  
  116  11:26  Pylon  
  116  11:28  Pylon  
  116  11:31  Probe  
  117  11:41  Assimilator  
  117  11:49  Pylon  
  117  11:51  Pylon  
  117  11:53  Pylon  
  115  11:55  Pylon  
  115  11:56  Pylon  
  115  11:57  Pylon  
  115  11:58  Pylon  
  115  11:59  Forge  
  115  12:00  Pylon  
  114  12:01  Pylon  
  114  12:15  Fleet Beacon  
  109  12:34  Photon Cannon  
  109  12:36  Photon Cannon  
  109  12:38  Photon Cannon  
  109  12:40  Photon Cannon  
  109  12:41  Photon Cannon  
  89  12:45  Photon Cannon  
  89  12:46  Photon Cannon  
  89  12:48  Photon Cannon  
  89  12:50  Photon Cannon  
  98  12:52  Photon Cannon  
  98  12:55  Photon Cannon  
  98  12:56  Oracle x5 (Chrono Boost)  
  113  13:31  Oracle x2 (Chrono Boost)  
  113  13:32  Oracle x3 (Chrono Boost)  
  131  14:16  Carrier x3 (Chrono Boost)  
  137  14:27  Carrier (Chrono Boost)  
  143  14:41  Graviton Catapult  
  143  14:49  Carrier (Chrono Boost)  
  143  15:07  Photon Cannon  
  149  15:42  Carrier (Chrono Boost)  
  157  16:40  Tempest x2 (Chrono Boost)  
  161  17:01  Tempest (Chrono Boost)  
  161  17:12  Pylon, Nexus  
  169  17:23  Tempest x2 (Chrono Boost)  
  173  17:44  Tempest (Chrono Boost)  
  177  18:06  Tempest (Chrono Boost)  
Show
View Real Time Build Order
Export as new Build Order

JakeTheDog Zerg 

Build Orders: 3 Hatch before Pool 

Get SALT Encoding   

  12  0:03  Drone  
  13  0:15  Overlord  
  13  0:18  Drone  
  14  0:33  Drone  
  14  0:34  Drone  
  16  0:42  Drone  
  17  0:53  Hatchery  
  17  0:56  Drone  
  17  1:02  Drone  
  18  1:22  Hatchery  
  17  1:26  Drone  
  17  1:29  Drone  
  19  1:33  Drone  
  20  1:51  Spawning Pool  
  20  1:52  Extractor  
  19  1:54  Drone x2  
  20  2:09  Drone  
  20  2:10  Drone  
  20  2:14  Drone  
  23  2:17  Drone  
  24  2:25  Drone  
  24  2:27  Drone  
  26  2:34  Drone  
  26  2:36  Drone  
  28  2:37  Drone  
  29  2:46  Drone x2  
  29  2:48  Drone  
  32  2:53  Metabolic Boost  
  32  3:00  Drone x2  
  34  3:09  Overlord  
  33  3:13  Overlord  
  33  3:17  Overlord  
  33  3:21  Overlord  
  33  3:27  Queen x3  
  33  3:28  Drone x2  
  33  3:30  Drone  
  33  3:31  Overlord  
  42  3:34  Overlord  
  42  3:37  Drone  
  42  3:38  Drone  
  42  3:40  Drone  
  45  3:43  Overlord  
  45  3:49  Drone  
  45  3:51  Drone  
  45  3:52  Drone  
  48  3:59  Drone  
  48  4:00  Extractor  
  48  4:01  Extractor  
  47  4:03  Drone  
  47  4:04  Drone  
  49  4:12  Drone, Extractor  
  49  4:17  Drone x2  
  49  4:18  Extractor  
  49  4:21  Spore Crawler  
  50  4:24  Queen, Spore Crawler  
  50  4:25  Queen  
  50  4:28  Drone x2  
  50  4:29  Drone  
  50  4:30  Extractor  
  57  4:35  Drone x2  
  57  4:36  Drone x2  
  57  4:38  Spore Crawler, Drone  
  61  4:42  Spore Crawler  
  61  4:44  Lair  
  58  4:46  Drone x5  
  58  4:47  Drone x2  
  58  4:51  Drone x2  
  67  5:02  Roach Warren  
  67  5:03  Evolution Chamber  
  67  5:04  Evolution Chamber  
  67  5:05  Evolution Chamber  
  63  5:18  Drone x3  
  63  5:19  Drone  
  63  5:20  Drone x4  
  63  5:21  Drone  
  72  5:23  Drone x4  
  72  5:24  Drone x2  
  78  5:31  Zerg Missile Weapons Level 1, Zerg Melee Weapons Level 1, Zerg Ground Armor Level 1  
  78  5:58  Infestation Pit, Hydralisk Den  
  73  6:05  Spore Crawler x2  
  73  6:08  Spore Crawler  
  73  6:10  Spore Crawler  
  42  6:27  Hydralisk x11  
  42  6:30  Overlord x4  
  64  6:33  Queen  
  64  6:35  Queen  
  64  6:36  Queen  
  70  6:44  Drone  
  70  6:45  Drone x3  
  74  6:57  Drone x2  
  74  6:58  Drone  
  77  7:02  Drone x2  
  77  7:05  Drone  
  80  7:21  Drone x3  
  84  7:22  Drone  
  84  7:27  Glial Reconstitution  
  84  7:34  Drone x3  
  84  7:35  Hydralisk Den, Drone x4  
  90  7:43  Drone x3  
  94  7:44  Drone x2  
  87  8:04  Drone x5  
  92  8:13  Drone x4  
  92  8:15  Drone x3  
  99  8:20  Hydralisk x2  
  99  8:22  Muscular Augments  
  99  8:23  Hive  
  99  8:24  Lair  
  103  8:38  Hydralisk x4  
  103  8:40  Hatchery, Extractor x2  
  106  8:54  Hatchery  
  99  8:58  Hydralisk x5  
  109  9:06  Zerg Melee Weapons Level 2  
  109  9:09  Zerg Missile Weapons Level 2  
  109  9:25  Drone  
  109  9:27  Hydralisk x3  
  116  9:33  Overseer x2  
  116  9:52  Overlord x2  
  116  9:53  Overlord x4  
  114  10:17  Hydralisk x4  
  114  10:18  Hydralisk x3  
  128  10:33  Viper x4  
  128  10:34  Viper  
  143  10:45  Drone x3  
  146  10:57  Zerg Ground Armor Level 2  
  132  11:12  Hatchery, Extractor  
  132  11:13  Extractor  
  121  11:39  Hydralisk x6  
  123  11:40  Hydralisk x3  
  129  13:08  Infestor x6  
  129  13:09  Infestor x3  
  80  13:54  Burrow  
  78  14:02  Drone x9  
  83  14:07  Hydralisk Den  
  80  14:17  Hatchery  
  80  14:18  Extractor  
  80  14:19  Extractor  
  77  14:34  Viper x4  
  89  15:21  Infestor x5  
  89  15:22  Infestor x4  
  89  15:27  Drone x2  
  91  15:49  Infestor x7  
  91  15:50  Infestor x2  
  91  15:54  Extractor  
  91  15:55  Hatchery  
  87  15:57  Extractor  
  86  16:09  Infestor x9  
  84  16:38  Hydralisk x13  
  84  16:39  Hydralisk x5  
  113  17:32  Infestor x9  
  89  17:39  Infestor x3  
  89  17:40  Infestor x6  
Tags
 
Add a new tag
Caveats
  • Supply blocks, unpowered buildings, or Contaminate may cause inaccurate times.
  • Supply counts are checked every 10 seconds.